[ AOE2 MATCH · #477916660 ]
Team RMPersians vs Burmese
[ REPLAY ANALYSIS · EXTRACTED FROM THE RECORDED GAME ]
Feudal
13:49
Castle
26:11
Imperial
—
| APM avg | 11.8 |
| APM peak | 29 |
| eAPM avg | 6.5 |
| Villagers / military | 51 / 0 |
Focus
⚔️ 9.9% · 🌾 90.1%
Trade Cart ×5
Feudal
16:15
Castle
21:34
Imperial
—
| APM avg | 8.0 |
| APM peak | 33 |
| eAPM avg | 4.9 |
| Villagers / military | 37 / 5 |
Focus
⚔️ 8.1% · 🌾 91.9%
Skirmisher ×5
Feudal
22:46
Castle
—
Imperial
—
| APM avg | 11.6 |
| APM peak | 39 |
| eAPM avg | 10.2 |
| Villagers / military | 72 / 50 |
Focus
⚔️ 27.0% · 🌾 73.0%
Spearman ×16 · Scout Cavalry ×13 · Militia ×12 · Skirmisher ×9 · Trade Cart ×6
Feudal
15:18
Castle
—
Imperial
—
| APM avg | 19.5 |
| APM peak | 45 |
| eAPM avg | 12.1 |
| Villagers / military | 66 / 94 |
Focus
⚔️ 24.7% · 🌾 75.3%
Spearman ×74 · Militia ×20
Feudal
11:36
Castle
18:53
Imperial
—
| APM avg | 15.2 |
| APM peak | 71 |
| eAPM avg | 9.2 |
| Villagers / military | 59 / 43 |
Focus
⚔️ 22.2% · 🌾 77.8%
Knight ×43
Feudal
—
Castle
—
Imperial
—
| APM avg | 18.5 |
| APM peak | 46 |
| eAPM avg | 11.1 |
| Villagers / military | 77 / 16 |
Focus
⚔️ 15.3% · 🌾 84.7%
Archer ×16
Feudal
18:24
Castle
25:04
Imperial
—
| APM avg | 9.2 |
| APM peak | 22 |
| eAPM avg | 5.2 |
| Villagers / military | 43 / 0 |
Focus
⚔️ 7.4% · 🌾 92.6%
Feudal
12:31
Castle
20:37
Imperial
—
| APM avg | 10.8 |
| APM peak | 29 |
| eAPM avg | 8.2 |
| Villagers / military | 84 / 14 |
Focus
⚔️ 12.9% · 🌾 87.1%
Longbowman ×14
Match map
Initial resources + every placement click. Lines = walls · curves = elevation contours. ◆ gold · ⬟ stone · ● berries · ✦ relic · ◌ wall gap
Your base· ✓ Closed at 26:11 · 47t walls · 2 gate(s)
moose45's base· ✓ Closed at 21:34 · 15t walls · no gate
Leggy Mountbatten's base· ✓ Closed at 12:00 · 37t walls · 2 gate(s)
jcg2212's base· ✓ Closed at 12:00 · 0t walls · no gate
CaCe's base· ✓ Closed at 18:53 · 25t walls · 1 gate(s)
malifurcio's base· ✓ Closed at 22:59 · 32t walls · no gate
tobi12000's base· ✓ Closed at 25:04 · 16t walls · 2 gate(s)
bmacedo1987's base· ✓ Closed at 20:37 · 11t walls · 1 gate(s)
Smoothed initial terrain · ◌ = detected wall gap · hover for details
Inputs per minute
— Lukrat - - moose45
Build order — Lukrat
117 actions detected in the replay
| 0:15 | Build | House |
| 0:16 | Build | House |
| 0:17 | Build | House |
| 0:18 | Build | House |
| 0:23 | Create | Villager (Male) ×5 |
| 0:24 | Research | Loom |
| 3:33 | Create | Villager (Male) |
| 3:34 | Create | Villager (Male) |
| 3:34 | Create | Villager (Male) |
| 3:34 | Create | Villager (Male) |
| 3:57 | Build | Palisade Wall |
| 4:13 | Build | Palisade Wall |
| 4:45 | Create | Villager (Male) |
| 4:45 | Create | Villager (Male) |
| 4:45 | Create | Villager (Male) |
| 5:13 | Build | Palisade Gate |
| 6:16 | Build | Mining Camp |
| 6:35 | Create | Villager (Male) |
| 6:35 | Create | Villager (Male) |
| 6:36 | Create | Villager (Male) |
| 6:36 | Create | Villager (Male) |
| 8:05 | Create | Villager (Male) |
| 8:05 | Create | Villager (Male) |
| 8:05 | Create | Villager (Male) |
| 8:05 | Create | Villager (Male) |
| 8:05 | Create | Villager (Male) |
| 10:23 | Build | Lumber Camp |
| 10:36 | Create | Villager (Male) |
| 11:10 | Build | Mining Camp |
| 11:23 | Build | Lumber Camp |
| 11:46 | Research | Feudal Age |
| 12:13 | Build | Mill |
| 12:30 | Build | Mill |
| 12:50 | Build | House |
| 13:16 | Build | House |
| 13:17 | Build | House |
| 13:18 | Build | House |
| 13:49 | Age | Feudal Age |
| 13:56 | Build | Mining Camp |
| 13:59 | Research | Wheelbarrow |
| 14:04 | Research | Double-Bit Axe |
| 14:36 | Build | Stone Wall |
| 14:52 | Build | Gate |
| 15:13 | Build | Watch Tower |
| 16:08 | Create | Villager (Male) |
| 16:08 | Create | Villager (Male) |
| 16:08 | Create | Villager (Male) |
| 16:09 | Create | Villager (Male) |
| 16:09 | Create | Villager (Male) |
| 16:09 | Create | Villager (Male) |
| 16:10 | Create | Villager (Male) |
| 16:10 | Create | Villager (Male) |
| 16:11 | Create | Villager (Male) |
| 16:11 | Create | Villager (Male) |
| 16:11 | Create | Villager (Male) |
| 16:15 | Create | Villager (Male) |
| 16:15 | Create | Villager (Male) |
| 16:16 | Create | Villager (Male) |
| 18:53 | Build | Farm |
| 19:23 | Build | Farm |
| 19:26 | Research | Horse Collar |
| 19:30 | Research | Gold Mining |
| 19:31 | Research | Stone Mining |
| 19:39 | Build | Farm |
| 20:51 | Build | Farm |
| 20:55 | Build | Farm |
| 21:07 | Build | Blacksmith |
| 21:14 | Build | Farm |
| 21:14 | Build | Farm |
| 21:15 | Build | Farm |
| 21:15 | Build | Farm |
| 21:15 | Build | Farm |
| 21:18 | Build | Farm |
| 21:19 | Build | Farm |
| 21:19 | Build | Farm |
| 21:20 | Build | Farm |
| 21:20 | Build | Farm |
| 22:49 | Build | Barracks |
| 22:53 | Build | House |
| 23:23 | Build | Market |
| 23:45 | Research | Castle Age |
| 24:46 | Build | Stone Wall |
| 25:05 | Build | Stone Wall |
| 26:11 | Age | Castle Age |
| 26:18 | Build | Town Center |
| 27:11 | Build | Gate |
| 27:18 | Build | Gate |
| 27:48 | Research | Hand Cart |
| 27:49 | Research | Heavy Plow |
| 27:51 | Research | Bow Saw |
| 27:54 | Research | Gold Shaft Mining |
| 27:55 | Research | Stone Shaft Mining |
| 28:00 | Research | Caravan |
| 28:05 | Create | Trade Cart |
| 28:06 | Create | Trade Cart |
| 28:06 | Create | Trade Cart |
| 28:07 | Create | Trade Cart |
| 28:07 | Create | Trade Cart |
| 28:52 | Build | Stone Wall |
| 29:02 | Create | Villager (Male) |
| 29:03 | Create | Villager (Male) |
| 29:03 | Create | Villager (Male) |
| 29:03 | Create | Villager (Male) |
| 29:04 | Create | Villager (Male) |
| 29:04 | Create | Villager (Male) |
| 29:05 | Create | Villager (Male) |
| 29:05 | Create | Villager (Male) |
| 29:06 | Create | Villager (Male) |
| 29:07 | Create | Villager (Male) |
| 29:16 | Create | Villager (Male) |
| 29:16 | Create | Villager (Male) |
| 29:16 | Create | Villager (Male) |
| 29:16 | Create | Villager (Male) |
| 29:17 | Create | Villager (Male) |
| 29:55 | Build | University |
| 30:05 | Build | Mining Camp |
| 30:15 | Build | Monastery |
Build order — moose45
87 actions detected in the replay
| 0:06 | Create | Villager (Male) |
| 0:06 | Create | Villager (Male) |
| 0:09 | Build | House |
| 0:12 | Create | Villager (Male) |
| 1:42 | Create | Villager (Male) |
| 1:43 | Create | Villager (Male) |
| 2:19 | Create | Villager (Male) |
| 2:19 | Create | Villager (Male) |
| 4:02 | Build | Palisade Wall |
| 4:07 | Create | Villager (Male) |
| 4:07 | Create | Villager (Male) |
| 4:15 | Create | Villager (Male) |
| 4:15 | Create | Villager (Male) |
| 4:15 | Create | Villager (Male) |
| 4:50 | Build | House |
| 5:08 | Build | House |
| 5:10 | Build | House |
| 5:34 | Create | Villager (Male) |
| 5:35 | Create | Villager (Male) |
| 5:43 | Create | Villager (Male) |
| 5:50 | Build | House |
| 6:03 | Create | Villager (Male) |
| 6:03 | Create | Villager (Male) |
| 6:14 | Build | House |
| 6:15 | Build | House |
| 6:36 | Create | Villager (Male) |
| 6:37 | Create | Villager (Male) |
| 7:24 | Build | House |
| 8:49 | Build | Lumber Camp |
| 9:09 | Create | Villager (Male) |
| 9:09 | Create | Villager (Male) |
| 9:10 | Create | Villager (Male) |
| 9:10 | Create | Villager (Male) |
| 9:11 | Create | Villager (Male) |
| 9:54 | Create | Villager (Male) |
| 9:55 | Create | Villager (Male) |
| 9:58 | Build | Farm |
| 10:00 | Build | Farm |
| 10:02 | Build | Farm |
| 10:53 | Build | Lumber Camp |
| 11:04 | Create | Villager (Male) |
| 11:38 | Build | Mill |
| 12:25 | Create | Villager (Male) |
| 12:26 | Create | Villager (Male) |
| 12:30 | Build | Farm |
| 12:35 | Build | Farm |
| 12:36 | Build | Farm |
| 12:59 | Build | Farm |
| 13:11 | Create | Villager (Male) |
| 13:11 | Create | Villager (Male) |
| 13:16 | Build | Farm |
| 13:17 | Build | Farm |
| 14:00 | Research | Feudal Age |
| 15:02 | Build | House |
| 15:05 | Build | House |
| 15:06 | Build | House |
| 16:04 | Create | Villager (Male) |
| 16:04 | Create | Villager (Male) |
| 16:10 | Build | Farm |
| 16:13 | Build | Farm |
| 16:15 | Build | Farm |
| 16:15 | Age | Feudal Age |
| 16:16 | Build | Farm |
| 16:18 | Create | Villager (Male) |
| 16:18 | Create | Villager (Male) |
| 16:25 | Build | Mining Camp |
| 17:04 | Build | Archery Range |
| 17:13 | Build | Farm |
| 17:15 | Build | Farm |
| 17:40 | Build | Farm |
| 17:42 | Research | Double-Bit Axe |
| 18:01 | Build | Farm |
| 18:04 | Create | Villager (Male) |
| 18:04 | Create | Villager (Male) |
| 18:08 | Create | Skirmisher |
| 18:08 | Create | Skirmisher |
| 18:17 | Build | House |
| 18:38 | Build | Farm |
| 18:41 | Research | Castle Age |
| 19:08 | Create | Skirmisher |
| 19:09 | Create | Skirmisher |
| 19:09 | Create | Skirmisher |
| 19:18 | Build | Mining Camp |
| 19:23 | Research | Horse Collar |
| 20:10 | Build | House |
| 20:13 | Build | House |
| 21:34 | Age | Castle Age |
Build order — Leggy Mountbatten
First 150 of 206 actions detected
| 0:07 | Create | Villager (Male) |
| 0:07 | Research | Loom |
| 0:08 | Create | Villager (Male) |
| 0:09 | Create | Villager (Male) |
| 0:09 | Create | Villager (Male) |
| 0:19 | Build | House |
| 1:38 | Create | Villager (Male) |
| 2:01 | Build | Lumber Camp |
| 2:04 | Build | House |
| 2:31 | Create | Villager (Male) |
| 2:31 | Create | Villager (Male) |
| 3:21 | Create | Villager (Male) |
| 3:40 | Create | Villager (Male) |
| 3:41 | Create | Villager (Male) |
| 3:59 | Build | Lumber Camp |
| 4:13 | Build | House |
| 4:18 | Create | Villager (Male) |
| 4:18 | Create | Villager (Male) |
| 4:40 | Create | Villager (Male) |
| 5:25 | Create | Villager (Male) |
| 5:47 | Create | Villager (Male) |
| 5:47 | Create | Villager (Male) |
| 5:56 | Build | Lumber Camp |
| 6:12 | Build | House |
| 6:15 | Build | House |
| 6:35 | Create | Villager (Male) |
| 6:35 | Create | Villager (Male) |
| 6:58 | Create | Villager (Male) |
| 6:58 | Create | Villager (Male) |
| 7:17 | Build | Palisade Wall |
| 7:25 | Build | Palisade Gate |
| 7:34 | Build | Palisade Gate |
| 7:40 | Create | Villager (Male) |
| 7:40 | Create | Villager (Male) |
| 8:42 | Build | Lumber Camp |
| 8:44 | Build | House |
| 8:46 | Build | House |
| 8:47 | Build | House |
| 8:49 | Build | House |
| 9:04 | Create | Villager (Male) |
| 9:04 | Create | Villager (Male) |
| 9:41 | Build | Mill |
| 9:53 | Create | Villager (Male) |
| 10:39 | Create | Villager (Male) |
| 10:39 | Create | Villager (Male) |
| 11:13 | Build | Farm |
| 11:15 | Create | Villager (Male) |
| 11:48 | Build | Mining Camp |
| 11:52 | Build | Barracks |
| 12:01 | Create | Villager (Male) |
| 12:02 | Create | Villager (Male) |
| 12:34 | Create | Villager (Male) |
| 12:34 | Create | Villager (Male) |
| 13:07 | Build | Farm |
| 13:21 | Create | Villager (Male) |
| 13:51 | Build | Farm |
| 14:01 | Create | Villager (Male) |
| 14:02 | Create | Villager (Male) |
| 14:03 | Create | Villager (Male) |
| 14:05 | Create | Villager (Male) |
| 14:07 | Create | Villager (Male) |
| 14:18 | Build | Farm |
| 14:22 | Build | Farm |
| 14:27 | Build | Farm |
| 14:32 | Build | Farm |
| 14:41 | Build | Farm |
| 14:46 | Build | Mill |
| 14:53 | Build | Farm |
| 15:05 | Build | Farm |
| 15:12 | Create | Militia |
| 15:13 | Create | Militia |
| 15:13 | Create | Militia |
| 15:26 | Build | Mining Camp |
| 15:31 | Build | Barracks |
| 15:35 | Create | Villager (Male) |
| 15:36 | Create | Villager (Male) |
| 15:57 | Create | Villager (Male) |
| 15:57 | Create | Villager (Male) |
| 16:07 | Create | Militia |
| 16:07 | Create | Militia |
| 16:17 | Build | Farm |
| 16:23 | Create | Villager (Male) |
| 16:44 | Build | Mining Camp |
| 16:47 | Build | House |
| 16:49 | Build | House |
| 16:50 | Build | House |
| 16:52 | Build | House |
| 16:54 | Build | House |
| 16:59 | Create | Villager (Male) |
| 16:59 | Create | Villager (Male) |
| 16:59 | Create | Villager (Male) |
| 17:34 | Build | Farm |
| 17:41 | Create | Villager (Male) |
| 17:41 | Create | Villager (Male) |
| 17:57 | Build | Mining Camp |
| 18:01 | Build | House |
| 18:02 | Build | House |
| 18:29 | Create | Militia |
| 18:29 | Create | Militia |
| 18:29 | Create | Militia |
| 18:29 | Create | Militia |
| 18:37 | Create | Militia |
| 18:37 | Create | Militia |
| 18:38 | Create | Militia |
| 18:48 | Build | Farm |
| 18:59 | Build | Farm |
| 19:06 | Create | Villager (Male) |
| 19:06 | Create | Villager (Male) |
| 19:13 | Build | Farm |
| 19:38 | Build | Farm |
| 20:03 | Build | Farm |
| 20:36 | Research | Feudal Age |
| 21:44 | Create | Villager (Male) |
| 21:44 | Create | Villager (Male) |
| 21:44 | Create | Villager (Male) |
| 22:46 | Age | Feudal Age |
| 22:48 | Create | Spearman |
| 22:48 | Create | Spearman |
| 22:48 | Create | Spearman |
| 22:49 | Create | Spearman |
| 22:49 | Create | Spearman |
| 22:49 | Create | Spearman |
| 22:49 | Create | Spearman |
| 22:53 | Research | Arson |
| 22:54 | Research | Man-at-Arms (upgrade) |
| 22:58 | Research | Horse Collar |
| 23:03 | Research | Gold Mining |
| 23:07 | Research | Stone Mining |
| 23:18 | Build | Stable |
| 23:27 | Build | Archery Range |
| 23:34 | Create | Villager (Male) |
| 23:34 | Create | Villager (Male) |
| 23:52 | Create | Villager (Male) |
| 23:52 | Create | Villager (Male) |
| 24:18 | Build | Market |
| 24:24 | Build | Lumber Camp |
| 24:41 | Create | Villager (Male) |
| 24:41 | Create | Villager (Male) |
| 25:00 | Create | Villager (Male) |
| 25:01 | Create | Villager (Male) |
| 25:11 | Research | Bloodlines |
| 25:16 | Create | Scout Cavalry |
| 25:16 | Create | Scout Cavalry |
| 25:38 | Build | Mining Camp |
| 25:43 | Build | Blacksmith |
| 25:51 | Create | Villager (Male) |
| 25:52 | Create | Villager (Male) |
| 26:03 | Create | Trade Cart |
| 26:03 | Create | Trade Cart |
| 26:03 | Create | Trade Cart |
Build order — jcg2212
First 150 of 160 actions detected
| 0:07 | Build | House |
| 0:10 | Build | House |
| 0:12 | Create | Villager (Male) |
| 0:12 | Create | Villager (Male) |
| 0:12 | Create | Villager (Male) |
| 0:13 | Create | Villager (Male) |
| 0:13 | Create | Villager (Male) |
| 1:36 | Create | Villager (Male) |
| 2:10 | Create | Villager (Male) |
| 2:34 | Create | Villager (Male) |
| 2:34 | Create | Villager (Male) |
| 3:02 | Create | Villager (Male) |
| 3:12 | Build | Lumber Camp |
| 3:27 | Create | Villager (Male) |
| 3:52 | Create | Villager (Male) |
| 3:52 | Create | Villager (Male) |
| 4:02 | Build | House |
| 4:10 | Build | House |
| 4:12 | Build | House |
| 4:27 | Create | Villager (Male) |
| 5:05 | Create | Villager (Male) |
| 5:05 | Create | Villager (Male) |
| 5:16 | Build | Mill |
| 5:40 | Create | Villager (Male) |
| 5:40 | Create | Villager (Male) |
| 5:46 | Build | Lumber Camp |
| 6:03 | Create | Villager (Male) |
| 6:50 | Create | Villager (Male) |
| 6:55 | Create | Villager (Male) |
| 7:40 | Research | Loom |
| 8:09 | Create | Villager (Male) |
| 8:09 | Create | Villager (Male) |
| 8:46 | Create | Villager (Male) |
| 9:26 | Create | Villager (Male) |
| 9:26 | Create | Villager (Male) |
| 10:06 | Build | Mining Camp |
| 10:08 | Create | Villager (Male) |
| 10:09 | Create | Villager (Male) |
| 10:09 | Create | Villager (Male) |
| 10:26 | Build | House |
| 10:27 | Build | House |
| 10:28 | Build | House |
| 10:29 | Build | House |
| 11:11 | Create | Villager (Male) |
| 11:11 | Create | Villager (Male) |
| 12:11 | Build | House |
| 12:12 | Build | House |
| 12:14 | Build | House |
| 12:53 | Research | Feudal Age |
| 13:43 | Create | Villager (Male) |
| 13:44 | Create | Villager (Male) |
| 13:44 | Create | Villager (Male) |
| 13:54 | Build | Pasture |
| 13:56 | Build | Pasture |
| 13:57 | Build | Pasture |
| 14:24 | Build | Barracks |
| 14:33 | Build | Barracks |
| 14:36 | Build | Barracks |
| 15:18 | Age | Feudal Age |
| 15:21 | Research | Tech 1014 |
| 15:22 | Research | Gold Mining |
| 15:22 | Research | Stone Mining |
| 15:24 | Research | Double-Bit Axe |
| 16:01 | Research | Man-at-Arms (upgrade) |
| 16:02 | Research | Arson |
| 16:05 | Create | Militia |
| 16:05 | Create | Militia |
| 16:06 | Create | Militia |
| 16:24 | Create | Villager (Male) |
| 17:45 | Create | Militia |
| 17:46 | Create | Militia |
| 17:56 | Build | Barracks |
| 18:02 | Create | Militia ×5 |
| 18:03 | Create | Militia ×5 |
| 18:10 | Create | Villager (Male) |
| 18:10 | Create | Villager (Male) |
| 18:47 | Create | Militia ×2 |
| 18:53 | Build | Barracks |
| 19:02 | Create | Villager (Male) |
| 19:03 | Create | Villager (Male) |
| 19:03 | Create | Villager (Male) |
| 19:03 | Create | Villager (Male) |
| 19:44 | Create | Spearman ×4 |
| 20:00 | Build | Stable |
| 20:04 | Build | Stable |
| 20:06 | Build | Stable |
| 20:55 | Create | Militia ×3 |
| 21:00 | Build | Pasture |
| 21:01 | Build | Pasture |
| 21:02 | Build | Pasture |
| 21:04 | Build | Pasture |
| 21:06 | Build | Pasture |
| 21:10 | Build | Pasture |
| 21:12 | Create | Villager (Male) |
| 21:13 | Create | Villager (Male) |
| 21:51 | Create | Villager (Male) |
| 21:51 | Create | Villager (Male) |
| 21:51 | Create | Villager (Male) |
| 22:00 | Build | House |
| 22:02 | Build | House |
| 22:11 | Build | House |
| 22:13 | Build | House |
| 22:15 | Build | House |
| 22:16 | Build | House |
| 22:19 | Build | House |
| 22:20 | Build | House |
| 22:21 | Build | House |
| 22:26 | Build | Pasture |
| 22:27 | Build | Pasture |
| 22:32 | Create | Villager (Male) |
| 22:33 | Create | Villager (Male) |
| 23:16 | Build | Stone Wall |
| 23:17 | Build | Stone Wall |
| 23:23 | Build | Gate |
| 23:30 | Create | Villager (Male) |
| 23:31 | Create | Villager (Male) |
| 23:31 | Create | Villager (Male) |
| 23:43 | Create | Villager (Male) |
| 24:36 | Create | Spearman ×5 |
| 25:08 | Create | Villager (Male) |
| 25:15 | Build | Pasture |
| 25:18 | Create | Villager (Male) |
| 25:18 | Create | Villager (Male) |
| 25:39 | Create | Spearman ×5 |
| 25:40 | Create | Spearman ×5 |
| 25:40 | Create | Spearman ×5 |
| 26:32 | Create | Villager (Male) |
| 26:32 | Create | Villager (Male) |
| 26:32 | Create | Villager (Male) |
| 26:33 | Create | Villager (Male) |
| 26:33 | Create | Villager (Male) |
| 26:33 | Create | Villager (Male) |
| 26:33 | Create | Villager (Male) |
| 26:54 | Create | Spearman ×5 |
| 26:54 | Create | Spearman ×5 |
| 26:54 | Create | Spearman ×5 |
| 26:55 | Create | Spearman ×5 |
| 27:38 | Create | Spearman ×5 |
| 27:38 | Create | Spearman ×5 |
| 27:38 | Create | Spearman ×4 |
| 27:38 | Create | Spearman |
| 28:32 | Build | Market |
| 28:42 | Build | House |
| 28:46 | Build | House |
| 28:47 | Build | House |
| 28:48 | Build | House |
| 28:49 | Build | House |
| 28:50 | Build | House |
| 28:52 | Build | House |
| 28:56 | Build | House |
Build order — CaCe
First 150 of 159 actions detected
| 0:03 | Create | Villager (Male) |
| 0:07 | Build | House |
| 0:20 | Research | Loom |
| 0:21 | Create | Villager (Male) |
| 0:22 | Create | Villager (Male) |
| 0:22 | Create | Villager (Male) |
| 0:22 | Create | Villager (Male) |
| 0:33 | Build | House |
| 0:35 | Build | House |
| 0:41 | Build | House |
| 0:50 | Build | Lumber Camp |
| 1:41 | Create | Villager (Male) |
| 2:14 | Create | Villager (Male) |
| 2:44 | Create | Villager (Male) |
| 3:29 | Create | Villager (Male) |
| 3:30 | Create | Villager (Male) |
| 3:30 | Create | Villager (Male) |
| 3:30 | Create | Villager (Male) |
| 4:00 | Create | Villager (Male) |
| 4:33 | Create | Villager (Male) |
| 4:53 | Create | Villager (Male) |
| 5:14 | Create | Villager (Male) |
| 5:42 | Build | Mill |
| 5:45 | Create | Villager (Male) |
| 6:02 | Create | Villager (Male) |
| 6:56 | Create | Villager (Male) |
| 6:56 | Create | Villager (Male) |
| 6:56 | Create | Villager (Male) |
| 6:56 | Create | Villager (Male) |
| 6:57 | Create | Villager (Male) |
| 6:57 | Create | Villager (Male) |
| 6:57 | Create | Villager (Male) |
| 7:52 | Create | Villager (Male) |
| 8:30 | Create | Villager (Male) |
| 9:07 | Build | House |
| 9:21 | Research | Feudal Age |
| 9:35 | Build | Mining Camp |
| 10:20 | Create | Villager (Male) |
| 11:04 | Build | Farm |
| 11:10 | Build | Farm |
| 11:15 | Build | Farm |
| 11:20 | Build | Farm |
| 11:25 | Build | Farm |
| 11:33 | Build | Farm |
| 11:36 | Age | Feudal Age |
| 11:38 | Research | Wheelbarrow |
| 11:39 | Research | Town Watch |
| 11:40 | Create | Villager (Male) |
| 11:50 | Research | Gold Mining |
| 12:10 | Create | Villager (Male) |
| 12:20 | Research | Double-Bit Axe |
| 12:46 | Build | Market |
| 12:52 | Build | Blacksmith |
| 13:14 | Build | Farm |
| 13:19 | Create | Villager (Male) |
| 13:59 | Build | House |
| 14:01 | Build | House |
| 14:15 | Build | Farm |
| 14:19 | Build | Farm |
| 14:25 | Create | Villager (Male) |
| 15:12 | Create | Villager (Male) |
| 15:27 | Create | Villager (Male) |
| 15:36 | Build | House |
| 15:37 | Build | House |
| 16:13 | Research | Castle Age |
| 16:24 | Build | House |
| 16:56 | Build | Mining Camp |
| 17:35 | Build | Stone Wall |
| 17:38 | Build | Gate |
| 17:44 | Build | Stone Wall |
| 17:47 | Build | Stone Wall |
| 17:48 | Build | Stone Wall |
| 17:52 | Create | Villager (Male) |
| 18:24 | Create | Villager (Male) |
| 18:53 | Age | Castle Age |
| 19:06 | Build | Town Center |
| 19:10 | Create | Villager (Male) |
| 19:30 | Build | Barracks |
| 19:44 | Create | Villager (Male) |
| 20:41 | Build | Stable |
| 20:54 | Create | Villager (Male) |
| 20:55 | Create | Villager (Male) |
| 20:55 | Create | Villager (Male) |
| 20:59 | Create | Villager (Male) |
| 21:01 | Create | Villager (Male) |
| 21:19 | Build | Stable |
| 21:22 | Build | Stable |
| 21:46 | Create | Villager (Male) |
| 21:49 | Research | Scale Barding Armor |
| 21:51 | Create | Villager (Male) |
| 21:53 | Create | Villager (Male) |
| 21:59 | Create | Villager (Male) |
| 22:05 | Create | Knight |
| 22:08 | Research | Husbandry |
| 22:28 | Build | Stable |
| 22:29 | Build | Stable |
| 22:36 | Create | Knight ×4 |
| 22:49 | Build | Farm |
| 22:51 | Build | Farm |
| 22:52 | Build | Farm |
| 22:53 | Build | Farm |
| 22:54 | Build | Farm |
| 22:55 | Build | Farm |
| 22:57 | Create | Villager (Male) |
| 22:58 | Create | Villager (Male) |
| 23:07 | Build | Town Center |
| 23:15 | Create | Knight |
| 23:23 | Build | Stable |
| 23:34 | Create | Knight |
| 23:39 | Create | Villager (Male) |
| 24:01 | Create | Villager (Male) |
| 24:28 | Create | Knight ×3 |
| 24:52 | Create | Knight |
| 24:52 | Create | Knight |
| 25:13 | Create | Knight ×2 |
| 25:41 | Create | Knight ×2 |
| 25:41 | Create | Knight ×2 |
| 26:07 | Create | Knight ×2 |
| 26:07 | Create | Knight ×2 |
| 26:20 | Create | Knight |
| 26:21 | Create | Knight |
| 26:31 | Create | Knight |
| 26:31 | Create | Knight |
| 26:45 | Create | Knight |
| 26:54 | Build | Stable |
| 26:54 | Build | Stable |
| 26:54 | Build | Stable |
| 26:56 | Build | Stable |
| 27:24 | Create | Knight ×2 |
| 27:41 | Build | Gate |
| 28:26 | Create | Knight ×4 |
| 28:39 | Build | Farm |
| 28:39 | Build | Farm |
| 28:40 | Build | Farm |
| 28:40 | Build | Farm |
| 28:40 | Build | Farm |
| 28:40 | Build | Farm |
| 28:40 | Build | Farm |
| 28:41 | Build | Farm |
| 28:41 | Build | Farm |
| 28:41 | Build | Farm |
| 28:42 | Build | Farm |
| 28:42 | Build | Farm |
| 28:43 | Build | Farm |
| 28:46 | Create | Villager (Male) |
| 28:47 | Create | Villager (Male) |
| 28:47 | Create | Villager (Male) |
| 29:02 | Create | Villager (Male) |
| 29:03 | Create | Villager (Male) |
| 29:03 | Create | Villager (Male) |
Build order — malifurcio
First 150 of 172 actions detected
| 0:11 | Build | House |
| 0:15 | Build | House |
| 0:16 | Create | Villager (Male) |
| 0:17 | Create | Villager (Male) |
| 0:17 | Create | Villager (Male) |
| 0:17 | Create | Villager (Male) |
| 0:18 | Create | Villager (Male) |
| 0:58 | Research | Loom |
| 1:54 | Create | Villager (Male) |
| 2:35 | Create | Villager (Male) |
| 3:11 | Create | Villager (Male) |
| 3:12 | Create | Villager (Male) |
| 3:12 | Create | Villager (Male) |
| 3:43 | Create | Villager (Male) |
| 3:59 | Build | House |
| 4:22 | Build | Mill |
| 4:24 | Create | Villager (Male) |
| 4:24 | Create | Villager (Male) |
| 4:49 | Create | Villager (Male) |
| 5:36 | Create | Villager (Male) |
| 5:36 | Create | Villager (Male) |
| 5:37 | Create | Villager (Male) |
| 6:51 | Create | Villager (Male) |
| 6:54 | Create | Villager (Male) |
| 6:55 | Create | Villager (Male) |
| 6:58 | Create | Villager (Male) |
| 7:08 | Build | House |
| 7:54 | Create | Villager (Male) |
| 7:55 | Create | Villager (Male) |
| 8:08 | Build | Palisade Wall |
| 8:47 | Create | Villager (Male) |
| 9:01 | Build | Palisade Wall |
| 9:13 | Build | House |
| 9:16 | Build | House |
| 9:54 | Create | Villager (Male) |
| 9:54 | Create | Villager (Male) |
| 9:55 | Create | Villager (Male) |
| 9:55 | Create | Villager (Male) |
| 10:29 | Create | Villager (Male) |
| 11:14 | Build | Lumber Camp |
| 11:24 | Create | Villager (Male) |
| 11:44 | Build | House |
| 12:10 | Research | Feudal Age |
| 12:44 | Build | House |
| 13:16 | Build | House |
| 13:19 | Build | House |
| 13:21 | Build | House |
| 13:25 | Build | Palisade Wall |
| 13:27 | Build | Palisade Wall |
| 13:33 | Create | Villager (Male) |
| 13:33 | Create | Villager (Male) |
| 13:36 | Create | Villager (Male) |
| 14:00 | Build | Lumber Camp |
| 14:30 | Build | Mining Camp |
| 15:30 | Build | Mining Camp |
| 15:32 | Create | Villager (Male) |
| 15:32 | Create | Villager (Male) |
| 15:38 | Research | Double-Bit Axe |
| 15:55 | Research | Horse Collar |
| 16:23 | Create | Villager (Male) |
| 16:32 | Research | Wheelbarrow |
| 16:34 | Create | Villager (Male) |
| 16:58 | Build | Market |
| 17:10 | Build | Blacksmith |
| 17:26 | Create | Villager (Male) |
| 17:27 | Create | Villager (Male) |
| 17:41 | Build | Farm |
| 17:42 | Build | Farm |
| 17:44 | Build | Farm |
| 17:46 | Build | Farm |
| 17:47 | Build | Farm |
| 17:48 | Build | Farm |
| 18:15 | Build | Mining Camp |
| 18:33 | Build | Farm |
| 18:46 | Build | Farm |
| 18:57 | Create | Villager (Male) |
| 18:57 | Create | Villager (Male) |
| 19:12 | Build | Farm |
| 19:21 | Build | Mining Camp |
| 19:25 | Create | Villager (Male) |
| 19:26 | Create | Villager (Male) |
| 19:37 | Build | Farm |
| 20:02 | Build | Farm |
| 20:06 | Create | Villager (Male) |
| 20:27 | Build | Farm |
| 20:32 | Create | Villager (Male) |
| 20:35 | Create | Villager (Male) |
| 20:52 | Build | Farm |
| 21:17 | Build | Farm |
| 21:31 | Create | Villager (Male) |
| 21:47 | Build | Farm |
| 22:33 | Create | Villager (Male) |
| 22:34 | Create | Villager (Male) |
| 22:34 | Create | Villager (Male) |
| 22:36 | Build | Farm |
| 22:38 | Build | Farm |
| 22:59 | Research | Castle Age |
| 22:59 | Research | Castle Age |
| 23:04 | Build | Farm |
| 24:26 | Build | Barracks |
| 24:29 | Create | Villager (Male) |
| 24:30 | Create | Villager (Male) |
| 24:31 | Create | Villager (Male) |
| 24:31 | Create | Villager (Male) |
| 24:57 | Create | Villager (Male) |
| 25:01 | Create | Villager (Male) |
| 25:06 | Research | Forging |
| 25:09 | Research | Fletching |
| 25:09 | Research | Padded Archer Armor |
| 25:22 | Create | Villager (Male) |
| 25:22 | Create | Villager (Male) |
| 25:28 | Research | Forging |
| 25:29 | Research | Scale Mail Armor |
| 25:38 | Build | Archery Range |
| 25:41 | Build | Archery Range |
| 25:46 | Build | Archery Range |
| 25:59 | Build | Blacksmith |
| 26:13 | Build | Town Center |
| 26:20 | Research | Hand Cart |
| 26:44 | Build | Farm |
| 27:14 | Build | Castle |
| 27:20 | Build | Lumber Camp |
| 27:26 | Research | Iron Casting |
| 27:32 | Research | Crossbowman (upgrade) |
| 27:40 | Build | Farm |
| 27:44 | Create | Villager (Male) |
| 27:44 | Create | Villager (Male) |
| 27:44 | Create | Villager (Male) |
| 27:54 | Build | Farm |
| 28:12 | Research | Bodkin Arrow |
| 28:12 | Research | Bodkin Arrow |
| 28:16 | Build | Farm |
| 28:18 | Build | Farm |
| 28:21 | Build | Farm |
| 28:32 | Build | Castle |
| 28:49 | Build | Archery Range |
| 28:56 | Build | Archery Range |
| 29:05 | Create | Villager (Male) |
| 29:06 | Create | Villager (Male) |
| 29:06 | Create | Villager (Male) |
| 29:06 | Create | Villager (Male) |
| 29:06 | Create | Villager (Male) |
| 29:07 | Create | Villager (Male) |
| 29:07 | Create | Villager (Male) |
| 29:07 | Create | Villager (Male) |
| 29:17 | Build | Farm |
| 29:20 | Create | Villager (Male) |
| 29:20 | Create | Villager (Male) |
| 29:39 | Build | Lumber Camp |
| 29:41 | Create | Villager (Male) |
Build order — tobi12000
90 actions detected in the replay
| 0:35 | Create | Villager (Male) |
| 0:35 | Create | Villager (Male) |
| 0:35 | Create | Villager (Male) |
| 0:36 | Create | Villager (Male) |
| 0:36 | Create | Villager (Male) |
| 0:43 | Build | House |
| 2:10 | Build | House |
| 2:12 | Build | House |
| 2:30 | Build | Lumber Camp |
| 2:47 | Create | Villager (Male) |
| 3:19 | Create | Villager (Male) |
| 3:19 | Create | Villager (Male) |
| 3:30 | Build | House |
| 3:36 | Create | Villager (Male) |
| 3:36 | Create | Villager (Male) |
| 5:00 | Create | Villager (Male) |
| 5:01 | Create | Villager (Male) |
| 5:01 | Create | Villager (Male) |
| 5:01 | Create | Villager (Male) |
| 5:11 | Create | Villager (Male) |
| 5:11 | Create | Villager (Male) |
| 5:31 | Create | Villager (Male) |
| 5:32 | Create | Villager (Male) |
| 5:47 | Create | Villager (Male) |
| 5:47 | Create | Villager (Male) |
| 6:24 | Create | Villager (Male) |
| 6:25 | Create | Villager (Male) |
| 6:43 | Create | Villager (Male) |
| 6:43 | Create | Villager (Male) |
| 6:43 | Create | Villager (Male) |
| 6:44 | Create | Villager (Male) |
| 7:56 | Build | Mill |
| 8:08 | Build | House |
| 8:42 | Build | Mining Camp |
| 8:45 | Create | Villager (Male) |
| 8:46 | Create | Villager (Male) |
| 8:46 | Create | Villager (Male) |
| 8:46 | Create | Villager (Male) |
| 8:46 | Create | Villager (Male) |
| 8:47 | Create | Villager (Male) |
| 9:04 | Create | Villager (Male) |
| 9:04 | Create | Villager (Male) |
| 11:37 | Create | Villager (Male) |
| 11:37 | Create | Villager (Male) |
| 11:38 | Create | Villager (Male) |
| 11:38 | Create | Villager (Male) |
| 11:38 | Create | Villager (Male) |
| 11:38 | Create | Villager (Male) |
| 11:39 | Create | Villager (Male) |
| 11:39 | Create | Villager (Male) |
| 12:23 | Build | House |
| 13:23 | Build | House |
| 13:42 | Create | Villager (Male) |
| 14:04 | Build | Farm |
| 14:25 | Build | Farm |
| 14:28 | Build | Farm |
| 14:50 | Research | Loom |
| 15:22 | Build | Farm |
| 15:43 | Build | House |
| 15:52 | Build | House |
| 15:55 | Build | Farm |
| 15:57 | Build | Farm |
| 16:00 | Build | Farm |
| 16:14 | Research | Feudal Age |
| 16:18 | Build | Farm |
| 16:29 | Build | House |
| 16:30 | Build | House |
| 16:32 | Build | House |
| 16:33 | Build | House |
| 16:34 | Build | House |
| 16:45 | Build | Mill |
| 18:24 | Age | Feudal Age |
| 18:29 | Research | Wheelbarrow |
| 18:31 | Research | Double-Bit Axe |
| 18:33 | Research | Horse Collar |
| 18:58 | Build | Gate |
| 19:05 | Build | Stone Wall |
| 19:37 | Build | Market |
| 19:47 | Build | Barracks |
| 20:12 | Build | Stone Wall |
| 20:17 | Build | Gate |
| 20:22 | Build | Stone Wall |
| 20:26 | Build | Gate |
| 20:29 | Build | Stone Wall |
| 20:59 | Build | Archery Range |
| 22:22 | Build | Stable |
| 22:24 | Research | Castle Age |
| 23:43 | Build | Mining Camp |
| 25:04 | Age | Castle Age |
| 25:08 | Build | Town Center |
Build order — bmacedo1987
First 150 of 158 actions detected
| 0:03 | Build | House |
| 0:07 | Build | House |
| 0:11 | Create | Villager (Male) |
| 0:11 | Create | Villager (Male) |
| 0:11 | Create | Villager (Male) |
| 0:11 | Create | Villager (Male) |
| 1:37 | Create | Villager (Male) |
| 1:37 | Create | Villager (Male) |
| 2:03 | Create | Villager (Male) |
| 2:03 | Create | Villager (Male) |
| 2:27 | Create | Villager (Male) |
| 2:27 | Create | Villager (Male) |
| 3:01 | Create | Villager (Male) |
| 3:01 | Create | Villager (Male) |
| 3:20 | Build | House |
| 3:24 | Build | Mill |
| 3:43 | Create | Villager (Male) |
| 3:43 | Create | Villager (Male) |
| 3:43 | Create | Villager (Male) |
| 4:19 | Create | Villager (Male) |
| 4:19 | Create | Villager (Male) |
| 4:41 | Create | Villager (Male) |
| 4:41 | Create | Villager (Male) |
| 5:18 | Build | Lumber Camp |
| 5:27 | Create | Villager (Male) |
| 5:27 | Create | Villager (Male) |
| 5:27 | Create | Villager (Male) |
| 5:55 | Create | Villager (Male) |
| 5:55 | Create | Villager (Male) |
| 6:07 | Build | Mining Camp |
| 6:28 | Create | Villager (Male) |
| 6:28 | Create | Villager (Male) |
| 6:57 | Build | House |
| 7:00 | Build | House |
| 7:09 | Create | Villager (Male) |
| 8:09 | Create | Villager (Male) |
| 8:10 | Create | Villager (Male) |
| 8:29 | Build | Mining Camp |
| 9:20 | Research | Loom |
| 10:21 | Research | Feudal Age |
| 12:16 | Create | Villager (Male) |
| 12:16 | Create | Villager (Male) |
| 12:31 | Age | Feudal Age |
| 12:48 | Build | Stone Wall |
| 13:04 | Build | House |
| 13:05 | Build | House |
| 13:12 | Build | House |
| 15:59 | Build | Blacksmith |
| 16:04 | Build | Market |
| 16:31 | Build | Gate |
| 16:54 | Build | Stone Wall |
| 17:45 | Build | Farm |
| 17:47 | Build | Farm |
| 17:49 | Build | Farm |
| 17:51 | Build | Farm |
| 17:57 | Research | Castle Age |
| 18:01 | Research | Horse Collar |
| 18:05 | Research | Double-Bit Axe |
| 18:08 | Research | Padded Archer Armor |
| 18:09 | Research | Fletching |
| 18:19 | Build | Farm |
| 18:20 | Build | Farm |
| 18:22 | Build | Farm |
| 18:23 | Build | Farm |
| 18:26 | Build | Farm |
| 18:36 | Build | Farm |
| 18:40 | Build | Farm |
| 18:46 | Build | Farm |
| 19:26 | Build | Farm |
| 19:35 | Research | Gold Mining |
| 20:37 | Age | Castle Age |
| 20:43 | Build | Town Center |
| 20:47 | Create | Villager (Male) |
| 20:47 | Create | Villager (Male) |
| 20:47 | Create | Villager (Male) |
| 20:48 | Create | Villager (Male) |
| 20:48 | Create | Villager (Male) |
| 20:48 | Create | Villager (Male) |
| 20:48 | Create | Villager (Male) |
| 20:49 | Create | Villager (Male) |
| 20:49 | Create | Villager (Male) |
| 21:08 | Build | Castle |
| 21:13 | Build | Mining Camp |
| 22:05 | Create | Villager (Male) |
| 22:05 | Create | Villager (Male) |
| 22:05 | Create | Villager (Male) |
| 22:05 | Create | Villager (Male) |
| 22:05 | Create | Villager (Male) |
| 22:06 | Create | Villager (Male) |
| 22:06 | Create | Villager (Male) |
| 22:06 | Create | Villager (Male) |
| 22:28 | Build | Town Center |
| 22:46 | Create | Villager (Male) |
| 22:46 | Create | Villager (Male) |
| 22:46 | Create | Villager (Male) |
| 22:46 | Create | Villager (Male) |
| 23:25 | Build | Farm |
| 23:26 | Build | Farm |
| 23:31 | Build | Farm |
| 24:21 | Build | Market |
| 24:50 | Create | Longbowman |
| 24:50 | Create | Longbowman |
| 24:51 | Create | Longbowman |
| 24:51 | Create | Longbowman |
| 24:51 | Create | Longbowman |
| 24:52 | Create | Longbowman |
| 25:27 | Create | Villager (Male) |
| 25:28 | Create | Villager (Male) |
| 25:28 | Create | Villager (Male) |
| 25:28 | Create | Villager (Male) |
| 25:28 | Create | Villager (Male) |
| 25:28 | Create | Villager (Male) |
| 25:29 | Create | Villager (Male) |
| 25:29 | Create | Villager (Male) |
| 25:29 | Create | Villager (Male) |
| 25:29 | Create | Villager (Male) |
| 25:30 | Create | Villager (Male) |
| 25:30 | Create | Villager (Male) |
| 25:30 | Create | Villager (Male) |
| 25:30 | Create | Villager (Male) |
| 25:30 | Create | Villager (Male) |
| 26:23 | Create | Villager (Male) |
| 26:23 | Create | Villager (Male) |
| 26:24 | Create | Villager (Male) |
| 26:24 | Create | Villager (Male) |
| 26:24 | Create | Villager (Male) |
| 27:00 | Create | Longbowman |
| 27:00 | Create | Longbowman |
| 27:00 | Create | Longbowman |
| 27:01 | Create | Longbowman |
| 27:01 | Create | Longbowman |
| 27:01 | Create | Longbowman |
| 27:01 | Create | Longbowman |
| 27:02 | Create | Longbowman |
| 27:28 | Build | Castle |
| 27:58 | Build | Castle |
| 29:03 | Build | House |
| 29:04 | Build | House |
| 29:05 | Build | House |
| 29:06 | Build | House |
| 29:08 | Build | House |
| 29:09 | Build | House |
| 29:21 | Research | Yeomen |
| 29:32 | Research | Leather Archer Armor |
| 29:33 | Research | Bodkin Arrow |
| 30:32 | Research | Caravan |
| 30:37 | Create | Villager (Male) |
| 30:37 | Create | Villager (Male) |
| 30:37 | Create | Villager (Male) |
| 30:37 | Create | Villager (Male) |
Match timeline
| 3:57 | Lukrat · wall_segment Palisade Wall x6 |
| 4:02 | moose45 · wall_segment Palisade Wall x15 |
| 4:13 | Lukrat · wall_segment Palisade Wall x8 |
| 7:17 | Leggy Mountbatten · wall_segment Palisade Wall x37 |
| 8:08 | malifurcio · wall_segment Palisade Wall x11 |
| 9:01 | malifurcio · wall_segment Palisade Wall x19 |
| 11:36 | CaCe · age_up feudal |
| 11:52 | Leggy Mountbatten · first_building Barracks |
| 12:31 | bmacedo1987 · age_up feudal |
| 12:48 | bmacedo1987 · wall_segment Stone Wall x10 |
| 13:25 | malifurcio · wall_segment Palisade Wall x1 |
| 13:27 | malifurcio · wall_segment Palisade Wall x1 |
| 13:49 | Lukrat · age_up feudal |
| 14:24 | jcg2212 · first_building Barracks |
| 14:36 | Lukrat · wall_segment Stone Wall x8 |
| 15:18 | jcg2212 · age_up feudal |
| 16:10 | CaCe · first_market_buy 100 food |
| 16:15 | moose45 · age_up feudal |
| 16:54 | bmacedo1987 · wall_segment Stone Wall x1 |
| 17:04 | moose45 · first_building Archery Range |
| 17:35 | CaCe · wall_segment Stone Wall x11 |
| 17:44 | CaCe · wall_segment Stone Wall x13 |
| 17:47 | CaCe · wall_segment Stone Wall x1 |
| 17:48 | CaCe · wall_segment Stone Wall x1 |
| 18:24 | tobi12000 · age_up feudal |
| 18:53 | CaCe · age_up castle |
| 19:05 | tobi12000 · wall_segment Stone Wall x6 |
| 19:30 | CaCe · first_building Barracks |
| 19:47 | tobi12000 · first_building Barracks |
| 20:00 | jcg2212 · first_building Stable |
| 20:12 | tobi12000 · wall_segment Stone Wall x6 |
| 20:22 | tobi12000 · wall_segment Stone Wall x3 |
| 20:29 | tobi12000 · wall_segment Stone Wall x1 |
| 20:37 | bmacedo1987 · age_up castle |
| 20:41 | CaCe · first_building Stable |
| 20:59 | tobi12000 · first_building Archery Range |
| 21:08 | bmacedo1987 · first_building Castle |
| 21:34 | moose45 · age_up castle |
| 22:22 | tobi12000 · first_building Stable |
| 22:46 | Leggy Mountbatten · age_up feudal |
| 22:49 | Lukrat · first_building Barracks |
| 23:16 | jcg2212 · wall_segment Stone Wall x20 |
| 23:17 | jcg2212 · wall_segment Stone Wall x9 |
| 23:18 | Leggy Mountbatten · first_building Stable |
| 23:27 | Leggy Mountbatten · first_building Archery Range |
| 24:07 | moose45 · resign |
| 24:26 | malifurcio · first_building Barracks |
| 24:46 | Lukrat · wall_segment Stone Wall x12 |
| 25:04 | tobi12000 · age_up castle |
| 25:05 | Lukrat · wall_segment Stone Wall x15 |
| 25:38 | malifurcio · first_building Archery Range |
| 26:11 | Lukrat · age_up castle |
| 27:14 | malifurcio · first_building Castle |
| 28:52 | Lukrat · wall_segment Stone Wall x13 |
| 29:52 | CaCe · wall_segment Stone Wall x4 |
| 30:12 | malifurcio · first_market_sell 100 food |
| 30:14 | malifurcio · first_market_buy 100 wood |
| 30:15 | Lukrat · first_building Monastery |
[ AI ANALYSIS · 1 CREDIT ]
What really happened in this match?
Wolo.gg analyzes every decision: build order, eco, micro, common mistakes by bracket. Personalized analysis on WhatsApp or Discord in 30 seconds.
Civ guide
Persians
Map guide
Amazon Tunnel
Perfil
Lukrat